 Dungeon Crawl Stone Soup version 0.27.1-33-g824d729ab1 (webtiles) character file.

Game seed: 16509083191058470729

113 zeram the Covert (level 4, -3/22 HPs)
             Began as a Spriggan Brigand on Dec 16, 2021.
             Slain by Natasha (6 damage)
             ... on level 2 of the Dungeon.
             The game lasted 00:04:43 (2284 turns).

zeram the Covert (Spriggan Brigand)                 Turns: 2284, Time: 00:04:43

Health: -3/22      AC:  4    Str:  7    XL:     4   Next: 65%
Magic:  5/5        EV: 18    Int: 13    God:
Gold:   56         SH:  0    Dex: 16    Spells: 3/3 levels left

rFire    . . .     SeeInvis +   a - +2 dagger
rCold    . . .     Faith    .   (shield restricted)
rNeg     . . .     Spirit   .   b - +0 robe
rPois    .         Reflect  .   (helmet restricted)
rElec    .         Harm     .   c - +1 cloak
rCorr    .         Rampage  .   (gloves unavailable)
Will     .....                  (boots unavailable)
Stlth    ++++......             (no amulet)
HPRegen  0.07/turn              (no ring)
MPRegen  0.09/turn              (no ring)

@: slowed, quick
A: very small, no large weapons, unfitting armour, see invisible, speed 3
a: no special abilities


You were on level 2 of the Dungeon.
You visited 1 branch of the dungeon, and saw 2 of its levels.

You collected 56 gold pieces.

Inventory:

Hand Weapons
 a - a +2 dagger (weapon)
Missiles
 d - 5 poisoned darts (quivered)
 e - 2 curare-tipped darts
Armour
 b - a +0 robe (worn)
 c - a +1 cloak (worn)
Jewellery
 i - a +6 ring of strength
Scrolls
 g - a scroll of magic mapping
 k - 2 scrolls of noise
 l - a scroll of fear {unknown}
 m - a scroll of enchant weapon {unknown}
Potions
 f - 2 potions of flight {unknown}
 h - a potion of invisibility {unknown}
 j - a potion of curing {unknown}
 n - a potion of heal wounds {unknown}
 o - a potion of haste


   Skills:
 - Level 1.5 Fighting
 + Level 3.0 Short Blades
 - Level 2.0 Throwing
 + Level 3.2 Dodging
 + Level 8.0 Stealth


You had 3 spell levels left.
You didn't know any spells.
Your spell library contained the following spells:

 Spells                   Type           Power      Damage    Failure   Level
 Conjure Flame            Conj/Fire      0%         6-21      67%         3
 Ignite Poison            Fire/Tmut/Pois 0%         N/A       67%         3
 Ozocubu's Armour         Ice            0%         N/A       67%         3
 Sticky Flame             Conj/Fire      0%         2d3       97%         4
 Metabolic Englaciation   Hex/Ice        0%         N/A       100%        5
 Simulacrum               Ice/Necr       0%         N/A       100%        6


Dungeon Overview and Level Annotations

Branches:
Dungeon (2/15)

Altars:

Annotations:
D:2 Natasha


Innate Abilities, Weirdness & Mutations

You are very small and have problems with some larger weapons.
You are too small for most types of armour.
You have supernaturally acute eyesight. (SInv)
You cover ground extremely quickly. (Speed+++)


Message History

Natasha is moderately wounded.
Natasha closely misses you.
You hit Natasha but do no damage.
Natasha is moderately wounded.
Natasha casts a spell.
You hit Natasha but do no damage.
Natasha is moderately wounded.
Natasha closely misses you.
You hit Natasha but do no damage.
Natasha is moderately wounded.
Natasha completely misses you.
Natasha stares at you and mumbles some strange words.
You feel yourself slow down.
Unknown command.
You hit Natasha but do no damage.
Natasha is moderately wounded.
Natasha looks more healthy.
Natasha closely misses you. The shadow imp completely misses you.
Natasha completely misses you. The shadow imp completely misses you.
Unknown command.
You hit Natasha.
Natasha is moderately wounded.
Natasha claws you! The shadow imp completely misses you.
Natasha mumbles some strange words.
Unknown command.
You hit Natasha but do no damage.
Natasha is moderately wounded.
Natasha stares at you and mumbles some strange words.
The magic dart hits you.
* * * LOW HITPOINT WARNING * * *
The shadow imp barely misses you. Natasha barely misses you.
Unknown command.
The crimson imp hits you but does no damage.
Natasha claws you but does no damage.
Natasha mumbles some strange words.
The crimson imp blinks!
The crimson imp blinks!
Natasha closely misses you. Natasha claws you.
You die...

#.# #.# #.# #.# #.#
####################.#
.....................#######
####.###########..###......#
####.#...#.....#@.###......######
..............5.h................
####.........#.#..###......######
#..##รท#[#.#.#..# #......#
#..<#.#.#.#.#55# #......#
#...#.#.#.#.#..# #......#
#...#.#.#.#.#..###......#
#.#<#.#.#.#.#(..........#
####.#...#.#.#.#(....#######


You could see Natasha (fast), a crimson imp (summoned), a white imp (summoned)
and a shadow imp (summoned).

Vanquished Creatures
  Terence (D:2)
  Natasha (D:2)
  A worm (D:2)
  3 dart slugs
  4 ball pythons
  7 endoplasms
  2 giant cockroaches
  5 goblins
  4 hobgoblins
  5 jackals (D:1)
  4 kobolds
  7 bats
  7 rats
51 creatures vanquished.

Notes
Turn   | Place    | Note
-------+----------+-------------------------------------------
     0 | D:1      | zeram the Spriggan Brigand began the quest for the Orb.
     0 | D:1      | Reached XP level 1. HP: 10/10 MP: 2/2
   314 | D:1      | Reached skill level 6 in Stealth
   735 | D:1      | Reached XP level 2. HP: 8/14 MP: 3/3
  1081 | D:1      | Found a faded altar of an unknown god.
  1212 | D:1      | Reached skill level 7 in Stealth
  1212 | D:1      | Reached XP level 3. HP: 18/18 MP: 4/4
  1997 | D:2      | Noticed Terence
  2004 | D:2      | Killed Terence
  2005 | D:2      | Reached XP level 4. HP: 22/22 MP: 5/5
  2023 | D:2      | Noticed Natasha
  2030 | D:2      | Killed Natasha
  2200 | D:2      | Reached skill level 8 in Stealth
  2262 | D:2      | Noticed Natasha
  2284 | D:2      | Slain by Natasha

Illustrated notes

Levels and vault maps discovered:
D:1:      elethiomel_arrival_shortcut, layout_rooms, basic_ecumenical_altar
D:2:      layout_basic, uniq_terence, uniq_natasha

Skill      XL: |  1  2  3  4 |
---------------+-------------+-----
Stealth        | 6 7 8 |  8.0
Dodging        | 2 3 |  3.2
Short Blades   | 3 |  3.0
Fighting       | |  1.5
Throwing       | |  2.0

Action                   |  1- 3 |  4- 6 || total
-------------------------+-------+-------++-------
Melee: Dagger            |   152 |    12 ||   164
Throw: Dart              |     8 |     2 ||    10
  Use: Scroll            |     4 |       ||     4
 Stab: Sleeping          |    15 |     2 ||    17
       Distracted        |     1 |       ||     1
Armor: Robe              |    25 |     3 ||    28
Dodge: Dodged            |   151 |    12 ||   163
